Map: Frozen Temple

Players

Numi

  • Race: Protoss Protoss
  • League: Master

Miszu - Winner!

  • Race: Terran Terran
  • League: Master

VOD

Have the link to the VOD?

Description

Time

  • Played on: April 18, 2016, 3:35 p.m.
  • Length: 27:16
Show
View Real Time Build Order
Export as new Build Order

Numi Protoss 

Build Orders: 1 Gate Expand, Colossus Rush 

Get SALT Encoding   

  12  0:02  Probe (Chrono Boost)  
  13  0:13  Probe (Chrono Boost)  
  14  0:18  Pylon  
  14  0:23  Probe (Chrono Boost)  
  15  0:36  Probe (Chrono Boost)  
  15  0:38  Gateway  
  16  0:47  Probe (Chrono Boost)  
  16  0:48  Assimilator  
  17  0:58  Probe (Chrono Boost)  
  18  1:08  Probe (Chrono Boost)  
  19  1:23  Nexus  
  19  1:28  Probe (Chrono Boost)  
  20  1:39  Probe (Chrono Boost)  
  21  1:40  Cybernetics Core  
  21  1:48  Assimilator  
  21  1:50  Probe (Chrono Boost)  
  22  1:58  Pylon  
  22  2:03  Probe (Chrono Boost)  
  23  2:16  Probe (Chrono Boost)  
  23  2:18  Adept  
  23  2:19  Warp Gate  
  26  2:32  Probe (Chrono Boost)  
  27  2:37  Robotics Facility, Probe (Chrono Boost)  
  27  2:43  Probe (Chrono Boost)  
  29  2:45  Stalker  
  29  2:48  Probe (Chrono Boost)  
  32  2:53  Probe (Chrono Boost)  
  33  2:59  Probe (Chrono Boost)  
  33  3:04  Probe (Chrono Boost)  
  35  3:06  Pylon  
  35  3:09  Probe (Chrono Boost)  
  36  3:15  Stalker  
  39  3:24  Mothership Core (Chrono Boost)  
  40  3:28  Warp Prism  
  40  3:31  Probe (Chrono Boost)  
  43  3:38  Pylon  
  44  3:41  Probe (Chrono Boost)  
  44  3:43  Probe (Chrono Boost)  
  44  3:47  Robotics Bay  
  45  3:52  Probe (Chrono Boost)  
  45  3:53  Probe (Chrono Boost)  
  47  3:57  Pylon  
  47  4:02  Probe (Chrono Boost)  
  48  4:04  Probe (Chrono Boost)  
  48  4:05  Observer  
  50  4:13  Probe (Chrono Boost)  
  50  4:14  Gateway, Probe (Chrono Boost)  
  50  4:16  Gateway  
  52  4:24  Probe (Chrono Boost)  
  53  4:34  Probe (Chrono Boost)  
  53  4:36  Disruptor  
  57  4:39  Probe (Chrono Boost)  
  57  4:41  Assimilator  
  57  4:43  Assimilator  
  57  4:44  Probe (Chrono Boost)  
  59  4:46  Pylon  
  59  4:50  Probe (Chrono Boost)  
  60  5:01  Probe (Chrono Boost)  
  60  5:04  Probe (Chrono Boost)  
  60  5:06  Nexus  
  62  5:08  Pylon  
  62  5:13  Gravitic Drive  
  62  5:15  Disruptor  
  62  5:17  Adept x2  
  62  5:18  Adept  
  62  5:19  Probe x2 (Chrono Boost)  
  73  5:22  Pylon  
  73  5:29  Twilight Council  
  73  5:33  Probe x2 (Chrono Boost)  
  73  5:34  Pylon  
  75  5:47  Pylon  
  75  5:56  Colossus  
  75  6:03  Zealot x3  
  79  6:10  Extended Thermal Lance (Chrono Boost)  
  79  6:14  Probe x2  
  81  6:26  Probe x2  
  81  6:27  Probe  
  81  6:32  Zealot  
  86  6:37  Stalker x2  
  86  6:38  Probe  
  91  6:42  Colossus  
  91  6:43  Probe  
  91  6:45  Probe  
  92  6:48  Gateway  
  92  6:50  Gateway  
  98  7:02  Stalker x2  
  98  7:05  Stalker  
  98  7:08  Probe x2  
  106  7:17  Probe  
  107  7:23  Gateway  
  107  7:24  Gateway  
  107  7:26  Pylon  
  107  7:29  Colossus  
  107  7:32  Stalker  
  107  7:33  Stalker x2  
  107  7:35  Probe x2  
  121  7:41  Pylon  
  121  7:43  Pylon  
  121  7:47  Blink (Chrono Boost)  
  121  7:53  Probe x2  
  121  7:55  Probe  
  121  8:00  Pylon  
  121  8:05  Probe x2  
  123  8:06  Probe  
  117  8:17  Probe  
  116  8:21  Stalker x4  
  117  8:35  Probe  
  117  8:36  Probe x2  
  115  8:46  Probe  
  116  8:48  Probe  
  116  8:49  Probe  
  118  8:56  Forge, Stalker x2, Probe  
  118  8:57  Forge  
  118  8:59  Pylon  
  118  9:00  Adept x3  
  118  9:01  Adept  
  131  9:03  Adept  
  131  9:04  Probe x2  
  131  9:07  Probe  
  131  9:09  Pylon, Assimilator  
  136  9:13  Assimilator  
  136  9:16  Pylon, Probe x2  
  138  9:26  Adept x4  
  138  9:29  Stalker  
  138  9:30  Probe  
  148  9:31  Probe  
  148  9:32  Probe  
  148  9:35  Resonating Glaives (Chrono Boost)  
  149  9:51  Adept x3  
  149  9:52  Adept x3  
  142  10:07  Protoss Ground Weapons Level 1 (Chrono Boost), Protoss Ground Armor Level 1 (Chrono Boost)  
  142  10:18  Pylon  
  142  10:20  Pylon  
  133  10:23  Observer  
  122  10:35  Probe x2  
  122  10:38  Photon Cannon x2  
  122  10:42  Observer, Probe  
  122  10:47  Probe  
  125  10:53  Templar Archives  
  117  11:22  Stalker x4  
  117  11:23  Stalker  
  127  11:26  Observer  
  127  11:28  Photon Cannon x2  
  128  11:39  Probe  
  129  11:46  Stalker x2  
  129  11:50  Stalker  
  129  11:51  Stalker x4  
  139  11:59  Pylon  
  139  12:01  Pylon  
  139  12:04  Probe  
  140  12:12  High Templar x2  
  144  12:16  High Templar x2  
  144  12:21  Archon x2  
  144  12:22  High Templar x2  
  152  12:26  Archon, Protoss Ground Weapons Level 2 (Chrono Boost)  
  152  12:30  Colossus, Stalker  
  152  12:36  Protoss Ground Armor Level 2 (Chrono Boost)  
  160  12:44  Adept  
  160  12:46  Nexus  
  160  12:47  Psionic Storm  
  160  12:48  Pylon  
  160  12:50  Pylon  
  162  13:11  Pylon  
  154  13:15  Pylon  
  150  13:21  Adept  
  150  13:29  Pylon  
  150  13:31  Pylon  
  150  13:33  Pylon  
  150  13:37  Pylon  
  150  13:39  Pylon  
  150  13:42  High Templar x4  
  150  13:44  Pylon  
  155  13:51  Stalker x3  
  155  13:54  Photon Cannon  
  149  14:20  Nexus  
  149  14:22  Photon Cannon  
  148  14:30  High Templar x3  
  154  14:39  Warp Prism  
  156  14:59  Archon  
  146  15:15  High Templar x3  
  152  15:25  High Templar  
  152  15:26  Adept x3  
  158  15:39  Photon Cannon  
  158  15:40  Observer  
  159  15:44  Pylon  
  159  15:45  Pylon  
  121  16:22  Warp Prism  
  121  16:24  Stalker  
  121  16:25  Stalker x6  
  125  16:32  Photon Cannon  
  111  16:54  High Templar x3  
  117  17:04  Stalker  
  119  17:25  Adept x3  
  125  17:30  Nexus  
  125  17:31  Pylon  
  125  17:35  Adept  
  125  17:36  Adept x3  
  133  17:43  Observer  
  134  18:01  High Templar x2  
  134  18:02  High Templar x2  
  134  18:03  Adept, Stalker  
  146  18:05  Adept  
  146  18:12  Archon  
  148  18:13  Archon  
  145  18:30  High Templar  
  147  18:45  High Templar  
  147  18:47  High Templar  
  151  18:53  Adept x2  
  155  19:06  Probe  
  155  19:07  Probe x2  
  158  19:11  Photon Cannon  
  158  19:13  High Templar  
  158  19:15  Photon Cannon  
  160  19:24  Adept x3  
  154  19:54  Adept x2  
  154  19:59  Adept, Archon  
  156  20:00  Adept x3  
  156  20:05  Archon  
  156  20:09  High Templar  
  146  20:22  High Templar  
  131  20:47  Archon  
  103  21:28  Nexus  
  100  21:33  Pylon  
  88  23:14  Nexus  
  76  24:14  Pylon  
  76  24:16  Pylon x2  
  72  24:54  Forge  
  68  25:11  Assimilator  
  68  25:12  Assimilator  
  67  25:21  Forge  
  65  25:52  Pylon  
  65  25:54  Pylon, Photon Cannon  
  65  25:58  Photon Cannon  
  63  26:15  Photon Cannon  
  56  26:23  Probe  
  44  26:44  Probe, Photon Cannon  
  23  26:55  Probe  
Show
View Real Time Build Order
Export as new Build Order

Miszu Terran - Winner!

Build Orders: Command Center First (CC), Bio Mine 

Get SALT Encoding   

  12  0:00  SCV  
  13  0:13  SCV  
  14  0:18  Supply Depot  
  14  0:25  SCV  
  15  0:39  SCV  
  16  0:51  SCV  
  17  1:01  Command Center  
  17  1:03  SCV  
  18  1:16  SCV  
  18  1:17  Barracks  
  19  1:28  SCV  
  19  1:31  Barracks  
  20  1:40  SCV  
  20  1:46  Barracks  
  21  1:52  SCV  
  22  2:04  Orbital Command  
  22  2:05  Marine  
  23  2:16  Orbital Command  
  23  2:18  Marine  
  23  2:22  Marine  
  24  2:29  Refinery x2  
  25  2:31  SCV  
  25  2:33  Marine  
  25  2:36  Marine  
  28  2:42  SCV  
  28  2:43  SCV  
  30  2:45  Marine  
  31  2:51  Supply Depot  
  31  2:54  SCV  
  31  2:55  SCV  
  33  3:00  Marine  
  33  3:01  Barracks Tech Lab  
  33  3:03  Marine  
  35  3:06  SCV  
  35  3:07  SCV  
  37  3:14  Supply Depot  
  37  3:18  SCV  
  38  3:20  Marine x2, SCV  
  38  3:24  Barracks Tech Lab  
  38  3:25  Stimpack  
  41  3:30  SCV  
  41  3:32  SCV  
  43  3:40  Engineering Bay  
  43  3:42  SCV  
  43  3:43  Marine, Refinery  
  43  3:44  Marine, SCV  
  43  3:45  Marine  
  48  3:54  SCV  
  49  3:56  SCV  
  49  3:57  Factory  
  49  4:01  Barracks Reactor  
  51  4:07  SCV  
  51  4:08  SCV, Missile Turret  
  53  4:10  Missile Turret  
  53  4:12  Supply Depot  
  52  4:18  Barracks  
  52  4:19  SCV  
  52  4:22  Barracks  
  53  4:25  Bunker  
  53  4:27  Marauder  
  54  4:33  Marauder, SCV  
  54  4:37  SCV  
  58  4:38  Marine  
  58  4:39  Marine  
  58  4:44  Starport  
  60  4:45  SCV  
  60  4:46  Factory Reactor  
  60  4:47  Marine  
  60  4:50  Refinery  
  60  4:51  Terran Infantry Weapons Level 1  
  61  4:58  SCV  
  62  5:05  Supply Depot  
  62  5:06  Supply Depot  
  62  5:08  Barracks Reactor  
  62  5:11  Barracks Tech Lab  
  62  5:12  Supply Depot  
  62  5:17  Combat Shields  
  62  5:27  Marauder, SCV x2  
  62  5:28  Supply Depot x2  
  66  5:32  Marine x2, Marauder  
  66  5:33  Factory Reactor  
  70  5:35  Medivac x2  
  70  5:38  Concussive Shells  
  70  5:40  SCV  
  70  5:41  Marauder  
  77  5:44  Marine  
  77  5:50  Marine  
  76  6:01  Marauder  
  78  6:05  Medivac x2  
  82  6:16  Supply Depot, Marine  
  82  6:18  Command Center  
  83  6:20  Supply Depot  
  83  6:25  Marauder  
  85  6:29  Marauder  
  85  6:31  Marine x3, Marauder  
  92  6:33  Widow Mine  
  92  6:35  Medivac, Widow Mine  
  98  6:44  Medivac  
  98  6:46  Marauder  
  95  6:55  Marine  
  95  6:56  Marauder  
  93  7:03  Marauder, SCV x2  
  93  7:05  Medivac  
  99  7:12  Marauder  
  99  7:15  SCV x2  
  102  7:18  Medivac, Marauder, Widow Mine  
  102  7:19  Widow Mine  
  111  7:29  Marauder, Orbital Command  
  113  7:31  Marine x2  
  113  7:32  Marine  
  113  7:33  Marauder  
  117  7:37  Medivac  
  117  7:41  SCV x2  
  121  7:47  Marine, Marauder  
  124  7:57  Medivac  
  124  7:58  Widow Mine x2  
  127  8:00  SCV  
  127  8:01  SCV x2  
  132  8:14  Marauder  
  132  8:17  Marauder  
  131  8:23  Medivac  
  133  8:29  Marine  
  133  8:30  Marine  
  133  8:32  Marauder  
  131  8:35  Marauder  
  131  8:36  Marine  
  131  8:37  Marine  
  131  8:38  Hellion  
  132  8:47  Marine, Widow Mine  
  133  8:53  Terran Infantry Armor Level 1  
  133  8:57  Supply Depot  
  133  8:58  Supply Depot  
  133  9:18  Medivac x2  
  133  9:19  Marine, Marauder, SCV x3, Widow Mine  
  133  9:20  Marauder x2  
  149  9:30  Factory, Barracks x2  
  149  9:31  Barracks  
  149  9:38  Widow Mine  
  149  9:50  SCV  
  149  9:51  Marine x2, SCV  
  149  9:52  Marine, SCV  
  149  9:53  Marine, Marauder x2  
  149  9:54  Marauder, Widow Mine  
  128  10:07  SCV  
  128  10:09  Marine x2  
  128  10:10  Marine  
  128  10:15  Marauder x3  
  128  10:20  SCV  
  132  10:22  Factory Tech Lab  
  132  10:23  Barracks Tech Lab x3  
  130  10:33  Widow Mine x2  
  130  10:35  Marine x4  
  133  10:36  Marauder x3  
  142  10:45  Marauder x2  
  142  10:47  Marauder  
  148  10:53  Marine  
  149  11:08  Marine  
  149  11:13  Marine x3  
  149  11:14  Marine  
  149  11:15  Medivac  
  149  11:36  Marine x3, Medivac, Widow Mine x2  
  149  11:37  Engineering Bay, Marauder x4  
  149  11:38  Marauder  
  149  11:40  Command Center  
  149  11:52  Armory  
  149  11:53  Marine  
  148  11:54  Marine  
  148  11:58  Marauder  
  148  12:00  Marine x2, Widow Mine  
  148  12:01  Marine, Medivac, Marauder x4  
  164  12:02  Supply Depot  
  164  12:04  Supply Depot  
  164  12:11  Marine  
  165  12:23  Widow Mine x2  
  165  12:24  Marine x2, SCV x2  
  165  12:25  Marine x2  
  165  12:26  Marauder x2, SCV  
  180  12:30  Marine  
  181  12:51  Marine, Medivac, Widow Mine  
  181  12:52  Marine, Marauder x2, SCV x3  
  181  12:55  Widow Mine  
  181  12:56  Drilling Claws  
  195  13:04  SCV  
  193  13:19  Widow Mine  
  175  13:20  Marauder  
  175  13:21  Marauder  
  175  13:24  Widow Mine x2  
  175  13:25  Medivac x2  
  191  13:29  Marine  
  194  13:36  Planetary Fortress  
  194  13:38  Terran Infantry Armor Level 2, Terran Infantry Weapons Level 2  
  190  13:53  Marauder x2  
  195  14:05  Marine  
  196  14:10  Marine x3  
  196  14:11  Marine x2  
  196  14:12  Medivac  
  196  14:13  Marine, Marauder  
  196  14:14  Marine x2  
  189  14:23  Marine  
  190  14:28  Marine, Marauder  
  190  14:30  Marauder x2  
  193  14:32  Marauder  
  195  14:40  Marine  
  195  14:41  Command Center  
  196  14:52  Widow Mine  
  195  14:56  Widow Mine x2  
  195  14:57  Marauder  
  195  14:59  Marauder  
  176  15:00  Medivac x2  
  176  15:01  Marauder  
  176  15:06  Marauder  
  165  15:08  Marauder  
  165  15:14  Marine  
  161  15:15  Marine  
  161  15:21  Widow Mine  
  163  15:25  Widow Mine x2  
  169  15:30  Medivac x2  
  169  15:31  Marine  
  169  15:32  Marine x5, Marauder  
  181  15:47  Marauder x2  
  181  15:49  Widow Mine  
  184  15:50  Marauder  
  184  15:53  Marine, Marauder  
  184  15:54  Marauder  
  184  15:56  Widow Mine  
  184  15:57  Widow Mine  
  172  16:17  Marauder  
  105  16:19  Marine x4, Marauder  
  105  16:20  Marine x4  
  106  16:38  Marauder x3  
  109  16:53  SCV  
  109  16:54  Marine x4, Marauder  
  112  17:03  Marauder  
  112  17:06  Marauder  
  118  17:15  Marauder  
  117  17:24  Marauder  
  117  17:28  Marauder, SCV  
  117  17:29  Marine  
  119  17:46  Marine x2, Marauder  
  123  17:53  Orbital Command  
  123  17:55  Marine  
  123  17:56  Marauder  
  125  18:02  Marauder  
  127  18:08  Marine  
  127  18:09  Marine  
  116  18:29  Widow Mine x2  
  120  18:34  Marauder  
  118  18:43  Marauder x2  
  122  18:49  Planetary Fortress  
  122  18:54  Medivac x2  
  124  18:57  Widow Mine  
  124  19:07  Orbital Command  
  124  19:14  Widow Mine  
  124  19:15  Marine, Marauder  
  129  19:20  Refinery, Marine x2  
  129  19:21  Refinery  
  131  19:30  Marauder  
  131  19:41  Marauder  
  113  19:58  Marauder  
  115  20:00  Marine x4, Marauder  
  115  20:02  Marauder  
  108  20:38  Barracks  
  108  20:39  Barracks  
  108  20:41  Barracks x3  
  88  20:57  Starport  
  88  20:58  Starport  
  88  21:03  Refinery  
  88  21:04  Refinery  
  88  21:19  Barracks Tech Lab x2  
  73  22:23  Starport Tech Lab  
  73  22:31  Orbital Command  
  73  22:41  Cloaking Field  
  73  22:44  Supply Depot x2  
  56  23:15  Banshee  
  54  23:47  Viking  
  53  23:54  Orbital Command  
  53  23:56  SCV  
  53  23:58  Banshee  
  57  24:07  Refinery  
  57  24:08  Refinery, SCV  
  58  24:20  SCV  
  59  24:25  Starport Tech Lab  
  59  24:32  SCV  
  60  24:44  SCV  
  61  24:52  Banshee x2  
  54  25:35  Banshee x2  
  52  26:08  Starport Tech Lab  
  52  26:18  Banshee x2  
Tags
 
Add a new tag
Caveats
  • Supply blocks, unpowered buildings, or Contaminate may cause inaccurate times.
  • Supply counts are checked every 10 seconds.